 Dungeon Crawl Stone Soup version 0.22.1-2-g9c5b331383 (webtiles) character file.

2867 Gargoyl the Chopper (level 9, -8/74 HPs)
             Began as a Centaur Abyssal Knight on Jan 2, 2019.
             Was a High Priest of Lugonu.
             Mangled by Joseph
             ... wielding a +0 quarterstaff
              (16 damage)
             ... on level 7 of the Dungeon.
             The game lasted 00:15:10 (9742 turns).

Gargoyl the Chopper (Centaur Abyssal Knight)        Turns: 9742, Time: 00:15:11

Health: -8/74      AC: 12    Str: 16    XL:     9   Next: 47%
Magic:  13/13      EV:  6    Int: 11    God:    Lugonu [*****.]
Gold:   344        SH: 12    Dex: 11    Spells: 8/8 levels left

rFire    . . .     SeeInvis .   d - +1 broad axe (freeze)
rCold    . . .     Gourm    .   f - +0 large shield
rNeg     + + .     Faith    .   l - +3 leather armour {rN+}
rPois    .         Spirit   .   i - +2 helmet
rElec    .         Reflect  .   o - +0 cloak
rCorr    .         Harm     .   (no gloves)
MR       .....                  (no barding)
Stlth    +.........             (no amulet)
HPRegen  0.22/turn              e - ring of positive energy
MPRegen  0.13/turn              (no ring)

@: very quick
A: large, hooves 3, deformed body, speed 2, tough skin 3
a: Depart the Abyss, Bend Space, Banish, Corrupt, Enter the Abyss, Renounce
Religion


You were on level 7 of the Dungeon.
You worshipped Lugonu.
Lugonu was extremely pleased with you.
You were not hungry.

You visited 1 branch of the dungeon, and saw 7 of its levels.
You visited the Abyss 1 time.
You also visited: Sewer.

You collected 575 gold pieces.
You spent 231 gold pieces at shops.

Inventory:

Hand Weapons
 a - a +3 hand axe
 d - a +1 broad axe of freezing (weapon)
Armour
 f - a +0 large shield (worn)
 i - a +2 helmet (worn)
 l - a +3 leather armour of positive energy (worn)
 o - a +0 cloak (worn)
Jewellery
 e - a ring of positive energy (left hand)
Scrolls
 h - 2 scrolls of teleportation
 j - a scroll of identify
 p - a scroll of magic mapping
Potions
 b - a potion of might
 g - a potion of haste {unknown}
 k - 3 potions of flight
 m - 5 potions of curing
 n - a potion of mutation {unknown}
 q - a potion of invisibility {unknown}
Comestibles
 c - 9 rations


   Skills:
 + Level 5.6 Fighting
 + Level 6.5 Axes
 * Level 5.1 Armour
 + Level 2.7 Dodging
 + Level 2.9 Shields
 * Level 6.1 Invocations


You had 8 spell levels left.
You didn't know any spells.
Your spell library contained the following spells:

 Spells                   Type           Power        Failure   Level  Hunger
 Animate Skeleton         Necr           N/A          99%         1    ##.....
 Apportation              Tloc           #.....       99%         1    ##.....
 Confusing Touch          Hex            #.....       99%         1    ##.....
 Summon Small Mammal      Summ           #...         99%         1    ##.....


Dungeon Overview and Level Annotations

Branches:
Dungeon (7/15)             Temple (0/1) D:7

Altars:
Nemelex Xobeh
Trog

Shops:
D:6 [

Annotations:
D:7 Joseph


Innate Abilities, Weirdness & Mutations

You have hooves in place of feet.
Armour fits poorly on your strangely shaped body.
You cover ground very quickly.
You have extremely tough skin. (AC +3)


Message History

* * * LOW HITPOINT WARNING * * *
Joseph barely misses you.
You closely miss Joseph.
Joseph is almost dead.
You block Joseph's attack.
You hit Joseph. You freeze Joseph.
Joseph is almost dead.
Joseph hits you with an uncursed quarterstaff.
* * * LOW HITPOINT WARNING * * *
Your shield and leather armour prevent you from hitting Joseph.
Joseph is almost dead.
Joseph hits you with an uncursed quarterstaff.
* * * LOW HITPOINT WARNING * * *
You feel better. Joseph closely misses you.
You closely miss Joseph.
Joseph is almost dead.
Joseph hits you with an uncursed quarterstaff!
* * * LOW HITPOINT WARNING * * *
Joseph hits you with an uncursed quarterstaff!
You die...

#.#.....# ######.......
#####'#.#.#.# #.......
#.......#.#.# #.......
#.......#<#.#
##########
#.......#.#.#+######...
..
#.........#............
..
#......####.#(.........
..
#####[#.....#(@........
.. #.#.#####.@........
.. #.#.# #.......... ..
#.#.# #.......... ..
#.#.# #.......?.. ##
#.#.# +.......... #.#.#
#.......... #.#
#..(....... #.........
#........


You could see Joseph.

Vanquished Creatures
  Pikel (D:6)
  Menkaure (D:7)
  Edmund (D:5)
  A black bear (D:7)
  An orc warrior (D:6)
  An ice beast (D:6)
  A sky beast (D:4)
  A necrophage (D:6)
  4 ogres
  A centaur (D:5)
  A big kobold (Sewer)
  2 bullfrogs (D:6)
  2 scorpions (D:6)
  A water moccasin skeleton (D:7)
  A howler monkey (D:6)
  3 crimson imps
  2 hounds
  A gnoll shaman (D:7)
  4 orc priests
  2 orc wizards
  A bullfrog skeleton (D:5)
  Terence (D:2)
  An iguana (D:7)
  4 worker ants
  A killer bee zombie (D:7)
  2 hound skeletons
  Robin (D:3)
  7 gnolls
  A river rat (Sewer)
  9 adders
  A shadow imp (D:6)
  An ooze (D:2)
  An adder zombie (D:5)
  6 worms
  2 dart slugs
  10 leopard geckos
  7 orcs
  A ball python (D:1)
  20 giant cockroaches
  16 goblins
  12 hobgoblins
  7 jackals
  5 quokkas
  9 bats
  4 frilled lizards
  19 kobolds
  A quokka zombie (D:5)
  12 rats
194 creatures vanquished.

Vanquished Creatures (others)
  A giant cockroach (D:6)
1 creature vanquished.

Grand Total: 195 creatures vanquished

Notes
Turn   | Place    | Note
-------+----------+-------------------------------------------
     0 | Abyss:1  | Gargoyl the Centaur Abyssal Knight began the quest for the
                  | Orb.
     0 | Abyss:1  | Reached XP level 1. HP: 19/19 MP: 2/2
    34 | Abyss:1  | Noticed a small abomination
    36 | Abyss:1  | Noticed a raiju
   167 | Abyss:2  | Noticed a wretched star
   175 | D:1      | Escaped the Abyss
   241 | D:1      | Reached XP level 2. HP: 22/26 MP: 3/3
   412 | D:1      | Reached * piety under Lugonu
  1205 | D:2      | Reached XP level 3. HP: 33/33 MP: 4/4
  1438 | D:2      | Reached ** piety under Lugonu
  1578 | D:2      | Reached XP level 4. HP: 37/40 MP: 5/5
  1707 | D:2      | Noticed Terence
  1745 | D:2      | Killed Terence
  1745 | D:2      | Reached skill level 1 in Dodging
  2111 | D:2      | Reached XP level 5. HP: 46/46 MP: 7/7
  2506 | D:3      | Found a glowing drain.
  2518 | Sewer    | Entered a sewer
  2535 | Sewer    | Reached *** piety under Lugonu
  2830 | Sewer    | Found a white marble altar of Elyvilon.
  2947 | D:3      | Reached XP level 6. HP: 47/52 MP: 8/8
  3256 | D:3      | Noticed Robin
  3278 | D:3      | Killed Robin
  3384 | D:3      | Reached **** piety under Lugonu
  4313 | D:4      | HP: 1/53 [ogre/giant club (18)]
  5101 | D:5      | Entered Level 5 of the Dungeon
  5101 | D:5      | Noticed a sky beast
  5111 | D:4      | Reached XP level 7. HP: 12/60 MP: 9/9
  5377 | D:4      | HP: 3/60 [poisoned by a scorpion]
  5383 | D:4      | HP: 3/60 [poisoned by a scorpion]
  5388 | D:4      | HP: 3/60 [poisoned by a scorpion]
  5394 | D:4      | HP: 3/60 [poisoned by a scorpion]
  6211 | D:5      | Noticed Edmund
  6249 | D:5      | Killed Edmund
  6719 | D:6      | Reached XP level 8. HP: 52/65 MP: 11/11
  6991 | D:6      | Reached skill level 5 in Axes
  6991 | D:6      | Reached skill level 1 in Shields
  7143 | D:6      | Found a bloodstained altar of Trog.
  7334 | D:6      | Reached skill level 5 in Fighting
  7335 | D:6      | HP: 3/66 [poisoned by an adder]
  7653 | D:6      | Reached skill level 5 in Invocations
  8478 | D:6      | Found a sparkling altar of Nemelex Xobeh.
  8515 | D:6      | Found Rat Homp's Armour Emporium.
  8515 | D:6      | Noticed Pikel
  8539 | D:6      | Killed Pikel
  8539 | D:6      | Reached XP level 9. HP: 48/74 MP: 13/13
  8669 | D:6      | Bought a +3 leather armour of positive energy for 231 gold
                  | pieces
  9105 | D:7      | Reached ***** piety under Lugonu
  9379 | D:7      | Found a staircase to the Ecumenical Temple.
  9388 | D:7      | Reached skill level 5 in Armour
  9711 | D:7      | Noticed Joseph
  9711 | D:7      | Noticed Menkaure
  9724 | D:7      | Killed Menkaure
  9742 | D:7      | Mangled by Joseph

Skill      XL: |  1  2  3  4  5  6  7  8  9 |
---------------+----------------------------+-----
Armour         | 2 3 4 5 |  5.1
Axes           | 2 3 4 5 6 |  6.5
Fighting       | 4 5 |  5.6
Dodging        | 1 2 |  2.7
Invocations    | 3 4 5 6 |  6.1
Shields        | 2 |  2.9

Action                   |  1- 3 |  4- 6 |  7- 9 || total
-------------------------+-------+-------+-------++-------
Melee: Hand axe          |   120 |   298 |   165 ||   583
       Kick              |    19 |    59 |    82 ||   160
       Broad axe         |       |       |   144 ||   144
Invok: Depart the Abyss  |     1 |       |       ||     1
       Bend Space        |       |       |     1 ||     1
  Use: Scroll            |    10 |     1 |     7 ||    18
       Potion            |     1 |     4 |     3 ||     8
  Eat: Chunk             |     1 |     6 |     7 ||    14
       Ration            |       |     1 |     2 ||     3
Armor: Leather armour    |    63 |    15 |   117 ||   195
       Scale mail        |       |   147 |     8 ||   155
       Skin              |       |    20 |       ||    20
Dodge: Dodged            |    66 |   132 |    57 ||   255
Block: Large shield      |       |     3 |   169 ||   172
